 Dungeon Crawl Stone Soup version 0.32-a0-825-g0e82a1035d (webtiles) character file.

Game seed: 17648147604330907843

8563 AlexRAT the Fighter (level 11, -6/153 HPs)
             Began as a Minotaur Berserker on Mar 25, 2024.
             Was a High Priest of Trog.
             Mangled by an orc knight
             ... wielding a +0 trident
              (17 damage)
             ... in a bailey.
             The game lasted 00:24:55 (8413 turns).

AlexRAT the Fighter (Minotaur Berserker)            Turns: 8413, Time: 00:24:56

Health: -6/153     AC: 12    Str: 23 (26) XL:     11   Next: 11%
Magic:  10/10      EV: 12    Int:  3 (4)  God:    Trog [*****.]
Gold:   556        SH:  4    Dex:  9 (10) Spells: 10/10 levels left

rFire   . . .        w - +0 spear (freeze)
rCold   + + .        s - +1 buckler {rC+}
rNeg    . . .        n - +2 ring mail {rC+}
rPois   .            (helmet restricted)
rElec   .            o - +0 cloak
rCorr   .            (no gloves)
SInv    .            u - +0 pair of boots
Will    .....        f - amulet of regeneration Stlth
                     (no ring)
HPRegen 1.25/turn    (no ring)
MPRegen 0.12/turn

%: no passive effects
@: berserking (expiring), very quick
A: horns 2, retaliatory headbutt
a: Renounce Religion, Berserk, Trog's Hand, Brothers in Arms


You were in a bailey.
You worshipped Trog.
Trog was extremely pleased with you.
You visited 1 branch of the dungeon, and saw 10 of its levels.
You also visited: Bailey.

You collected 556 gold pieces.

Inventory:

Hand Weapons
 a - a +0 hand axe
 w - a +0 spear of freezing (weapon)
Armour
 n - a +2 ring mail of cold resistance (worn)
 o - a +0 cloak (worn)
 s - a +1 buckler of cold resistance (worn)
 u - a +0 pair of boots (worn)
 C - the +0 chain mail "Ofrua" {Fly Str+6}
   (You found it on level 7 of the Dungeon)

   Str+6:     It affects your strength (+6).
   Fly:       It grants you flight.
Jewellery
 f - an amulet of regeneration (around neck)
Wands
 q - a wand of flame (38) (quivered)
 F - a wand of charming (6)
Scrolls
 i - 4 scrolls of silence
 j - 2 scrolls of poison
 k - a scroll of immolation
 l - 3 scrolls of enchant weapon
 m - 3 scrolls of enchant armour
 p - a scroll of brand weapon
 r - 2 scrolls of revelation
 B - 3 scrolls of teleportation {unknown}
 G - a scroll of vulnerability {unknown}
Potions
 b - a potion of haste
 c - a potion of lignification {unknown}
 d - 3 potions of berserk rage
 e - 4 potions of brilliance
 g - 3 potions of curing {unknown}
 t - a potion of mutation {unknown}
 v - 2 potions of invisibility {unknown}
 z - 2 potions of enlightenment {unknown}
 A - a potion of degeneration
 E - a potion of attraction {unknown}
 H - a potion of ambrosia {unknown}


   Skills:
 + Level 11.0 Fighting
 + Level 11.0 Axes
 + Level 10.7 Armour
 + Level 9.8 Dodging


You had 10 spell levels left.
You didn't know any spells.
Your spell library was empty.

Dungeon Overview and Level Annotations

Branches:
Dungeon (10/15)            Temple (0/1) D:7            Lair (0/5) D:8
 Bailey (1/1)
    Orc: D:9-12

Altars:
Ashenzari
Cheibriados
Elyvilon
Fedhas
Hepliaklqana
Kikubaaqudgha
Okawaru
Uskayaw
Vehumet
Wu Jian
Xom

Shops:
D:1 :   D:4 =

Annotations:
D:10 Erica


Innate Abilities, Weirdness & Mutations

You have a pair of horns on your head.
You reflexively headbutt those who attack you in melee.


Message History

You feel yourself moving faster!
You feel mighty! The orc warrior misses you.
The orc warrior closely misses you.
The orc knight roars a battlecry!
The orc knight goes into a battle-frenzy!
You reach to attack!
You hit the orc warrior but do no damage.
The orc warrior is severely wounded.
The orc warrior hits you from afar with a +0 trident!
The orc warrior hits you from afar with a +0 glaive!
You are too injured to fight recklessly!
You are too injured to fight recklessly!
You are too injured to fight recklessly!
The orc warrior attacks as it pursues you!
The orc warrior hits you from afar with a +0 glaive!
There is an open door, spattered with blood here.
You feel a strong urge to attack something.
You puncture the orc warrior! You freeze the orc warrior.
You kill the orc warrior!
Trog accepts your kill. You block the orc warrior's attack.
The orc knight hits you but does no damage.
Things that are here:
a +0 glaive; a +0 scale mail You hit the orc knight.
You freeze the orc knight.
The orc knight is lightly wounded.
The orc warrior hits you from afar with a +0 trident!
The orc warrior barely misses you. The orc knight misses you.
You furiously retaliate!
You headbutt the orc knight!
You hit the orc knight but do no damage.
You headbutt the orc knight!
The orc knight is moderately wounded.
You closely miss the orc knight.
The orc knight is moderately wounded.
You block the orc warrior's attack.
The orc knight hits you from afar with a +0 glaive!
* * * LOW HITPOINT WARNING * * *
The orc warrior hits you from afar with a +0 halberd!!
* * * LOW HITPOINT WARNING * * *
The orc knight hits you with a +0 trident!
You die...

##..~~~~~~~..##
##..~~.)...~~..##
##########..~~..###).~~..#####
#..........~~..## ##..~~......
#.~~~))~~~~~..##.∩.##..~~~~~~~
#.~).).......##.....##........
#.~.#########'###+############
#.~.## ##........ # #.~..##
#.@≈≈≈≈≈≈≈ ## #.~)..##
##.o≈§o....≈ ##.
#∩.~~..#'#§§§oo.⌠∩⌠.. #..
##.~~..#'#.§§§§§.⌠... #+#..
#.~~..##.##..≈≈.....≈ ##.##.
#.~..##...+#..≈≈≈.§§≈ #.$.##
#.~.##.....##........ #.$$$.#
#.~.#############+############
#.~..........## ##........


You could see 2 orc knights and 2 orc warriors.

Vanquished Creatures
  A gargoyle (D:10)
  2 komodo dragons (D:8)
  A hornet (D:9)
  Grinder (D:3)
  Prince Ribbit (D:5)
  A polar bear (D:9)
  Sigmund (D:3)
  2 yaks
  A wraith (D:9)
  An unseen horror simulacrum (D:9)
  Grum (D:8)
  Eustachio (D:6)
  3 steam dragons
  2 acid dragons
  2 water moccasins
  Duvessa (D:5)
  4 orc warriors
  5 ice beasts
  A sky beast (D:6)
  A black bear (D:8)
  3 wolves
  3 centaurs
  2 phantoms
  Blork the orc (D:5)
  4 kobold brigands
  4 bullfrogs
  A gnoll sergeant (D:4)
  2 scorpions
  2 wights (D:10)
  Dowan (D:5)
  23 killer bees
  4 howler monkeys
  2 bombardier beetles
  7 hounds
  A wyvern simulacrum (D:9)
  3 orc priests
  2 jellies
  A gnoll bouda (D:8)
  Crazy Yiuf (D:3)
  3 iguanas
  Natasha (thrice) (D:3)
  2 sleepcaps
  6 orc wizards
  A centaur simulacrum (D:9)
  11 gnolls
  6 adders
  2 shadow imps
  7 white imps
  A howler monkey simulacrum (D:9)
  6 ufetubi
  A dart slug (D:1)
  2 ribbon worms (D:3)
  46 orcs
  5 endoplasms
  3 giant cockroaches
  9 goblins
  9 hobgoblins
  4 jackals (D:1)
  23 kobolds
  5 quokkas
  5 ball pythons
  2 bats
  2 frilled lizards
  7 rats
271 creatures vanquished.

Notes
Turn   | Place    | Note
-------+----------+-------------------------------------------
     0 | D:1      | AlexRAT the Minotaur Berserker began the quest for the Orb.
     0 | D:1      | Reached XP level 1. HP: 19/19 MP: 0/0
    79 | D:1      | Reached XP level 2. HP: 27/27 MP: 1/1
   276 | D:1      | Reached XP level 3. HP: 8/33 MP: 2/2
   496 | D:1      | Reached ** piety under Trog
   505 | D:1      | Found Nyzxyuqu's Book Shop.
  1090 | D:2      | You fall into a shaft and drop 1 floor!
  1515 | D:3      | Reached XP level 4. HP: 41/41 MP: 3/3
  1562 | D:3      | Found a snail-covered altar of Cheibriados.
  1653 | D:3      | Found a blossoming altar of Fedhas.
  1660 | D:3      | Noticed Natasha
  1667 | D:3      | Killed Natasha
  1794 | D:3      | Reached XP level 5. HP: 47/47 MP: 4/4
  1811 | D:3      | Noticed Natasha
  1816 | D:3      | Killed Natasha
  1837 | D:3      | Found an ornate altar of the Wu Jian Council.
  1968 | D:3      | Noticed Grinder
  1971 | D:3      | Noticed Natasha
  1971 | D:3      | Paralysed by Grinder for 5 turns
  1978 | D:3      | Killed Grinder
  1979 | D:3      | Reached skill level 5 in Fighting
  1979 | D:3      | Reached skill level 5 in Axes
  1979 | D:3      | Reached XP level 6. HP: 56/56 MP: 5/5
  1980 | D:3      | Killed Natasha
  1998 | D:3      | Found a runed translucent door.
  2019 | D:3      | Noticed Crazy Yiuf
  2025 | D:3      | Killed Crazy Yiuf
  2087 | D:3      | Noticed Sigmund
  2091 | D:3      | Killed Sigmund
  2092 | D:3      | Reached skill level 5 in Armour
  2092 | D:3      | Reached XP level 7. HP: 62/62 MP: 6/6
  2647 | D:4      | Found Nalaseri's Jewellery Shop.
  2662 | D:4      | Reached skill level 5 in Dodging
  2722 | D:4      | Reached *** piety under Trog
  3014 | D:4      | Reached XP level 8. HP: 44/71 MP: 7/7
  3345 | D:4      | Found an iron altar of Okawaru.
  3700 | D:5      | Entered Level 5 of the Dungeon
  3700 | D:5      | Noticed a +0 dagger
  3700 | D:5      | Noticed a +0 hand axe
  3700 | D:5      | Found a hide-covered altar of Uskayaw.
  3701 | D:5      | Noticed Blork the orc
  3738 | D:5      | Killed Blork the orc
  3741 | D:5      | Noticed Duvessa
  3743 | D:5      | Noticed Dowan
  3752 | D:5      | Killed Duvessa
  3755 | D:5      | Killed Dowan
  3944 | D:5      | Noticed Prince Ribbit
  3950 | D:5      | Killed Prince Ribbit
  3956 | D:5      | Found a white marble altar of Elyvilon.
  4190 | D:5      | Found a shimmering altar of Xom.
  4220 | D:5      | Reached XP level 9. HP: 81/81 MP: 8/8
  4737 | D:6      | Noticed Eustachio
  4750 | D:6      | Killed Eustachio
  4776 | D:6      | Reached **** piety under Trog
  5245 | D:7      | Identified the +0 chain mail "Ofrua" {Fly Str+6}
  5672 | D:7      | Found a staircase to the Ecumenical Temple.
  6040 | D:8      | Noticed a komodo dragon
  6071 | D:8      | Killed a komodo dragon
  6072 | D:8      | Reached XP level 10. HP: 56/91 MP: 9/9
  6160 | D:8      | Noticed Grum
  6176 | D:8      | Killed Grum
  6246 | D:8      | Found a staircase to the Lair.
  6592 | D:8      | Reached skill level 10 in Fighting
  6841 | D:8      | Reached skill level 10 in Axes
  7072 | D:9      | Found a hazy altar of Hepliaklqana.
  7072 | D:9      | Found a broken altar of Ashenzari.
  7072 | D:9      | Found an ancient bone altar of Kikubaaqudgha.
  7195 | D:9      | Reached ***** piety under Trog
  7196 | D:9      | Reached skill level 10 in Armour
  7488 | D:9      | Reached XP level 11. HP: 82/101 MP: 10/10
  7491 | D:9      | Found a radiant altar of Vehumet.
  7750 | D:10     | Entered Level 10 of the Dungeon
  7826 | D:10     | Noticed Erica
  8170 | D:10     | Found a flagged portal.
  8184 | Bailey   | Entered a bailey
  8394 | Bailey   | Noticed an orc knight
  8394 | Bailey   | Noticed an orc knight
  8413 | Bailey   | Mangled by an orc knight

Illustrated notes

Levels and vault maps discovered:
D:1:      eino_arrival_water_star, layout_basic, serial_shops,
          nicolae_square_shop
D:2:      layout_basic, kennysheep_another_room
D:3:      cheibrodos_thug_alley, layout_basic, nzn_wu_jian_contemplation,
          mainiacjoe_overflow_boulevard, fedhas_altar_3, uniq_sigmund,
          uniq_natasha, uniq_crazy_yiuf_cottage, uniq_grinder
D:4:      layout_basic, okawaru_altar_gauntlet_db, serial_shops, shop,
          amcnicky_mini_pool_small, reono_crystal_passage
D:5:      layout_loops_ring, dancing_weapons_uskayaw, lemuel_doored_altar,
          mainiacjoe_overflow_cross_hatched, grunt_decor_junction, uniq_duvessa,
          uniq_prince_ribbit1, uniq_blork_the_orc
D:6:      layout_loops_ring, grunt_ministairs_10, uniq_eustachio
D:7:      layout_gridville, minmay_temple_entry_from_below_a
D:8:      layout_loops_corners, grunt_lair_entry_orc_guard_hut, uniq_grum
D:9:      layout_roguey, nicolae_vehumet_radiance,
          gammafunk_temple_overflow_claw, serial_ice, serial_ice_n,
          serial_ice_d, serial_ice_f, serial_ice_k, serial_ice_g, serial_ice_b
D:10:     layout_irregular_city, mainiacjoe_overflow_small_starburst,
          grunt_gozag_breadcrumbs, mainiacjoe_overflow_catwalk, enter_bailey_5,
          ebering_ghost_disaster_area, dk_vineyard_2, st_stairs_14, hex_large,
          uniq_erica
Bailey:   bailey_polearm_1, bailey

Skill      XL: |  1  2  3  4  5  6  7  8  9 10 11 |
---------------+----------------------------------+-----
Fighting       | 4 5 6 7 9 10 11 | 11.0
Axes           | 4 5 6 7 9 10 11 | 11.0
Armour         | 3 4 5 6 7 9 10 | 10.7
Dodging        | 3 4 5 6 8 9 |  9.8

Action                     |  1- 3 |  4- 6 |  7- 9 | 10-12 || total
---------------------------+-------+-------+-------+-------++-------
  Melee: Hand axe          |    87 |    52 |       |       ||   139
         Headbutt          |    13 |    11 |    87 |    56 ||   167
         Mace              |       |     2 |    95 |       ||    97
         Spear             |       |       |   382 |   414 ||   796
 Invoke: Berserk           |     1 |     3 |     5 |     5 ||    14
         Trog's Hand       |       |       |     1 |     4 ||     5
    Use: Scroll            |       |       |       |    13 ||    13
         Potion            |       |       |       |     5 ||     5
 Armour: Chain mail        |    80 |     1 |       |       ||    81
         Animal skin       |     1 |       |       |       ||     1
         Ring mail         |       |    23 |   268 |   267 ||   558
  Dodge: Dodged            |    43 |    27 |   208 |   231 ||   509
  Block: Buckler           |       |       |    73 |    88 ||   161

Table legend: (Time is in decaauts)
 A = Elapsed time spent in this place.
 B = Non-inter-level travel time spent in this place.
 C = Inter-level travel time spent in this place.
 D = Time resting spent in this place.
 E = Time spent auto-exploring this place.
 F = Levels seen in this place.
 G = Mean time per level.
                   A        B        C        D        E       F      G
               +--------+--------+--------+--------+--------+-----+--------+
         Total |   8427 |   8050 |    377 |    420 |   5601 |  11 |  766.1 |
       Dungeon |   8217 |   7840 |    377 |    420 |   5601 |  10 |  821.7 |
        Bailey |    209 |    209 |      0 |      0 |      0 |   1 |  209.0 |
               +--------+--------+--------+--------+--------+-----+--------+

Top non-repeatable levels by time:
     D:4: 1175 daAuts
     D:8: 1152 daAuts
     D:3: 1124 daAuts
     D:9: 1021 daAuts
     D:2: 912 daAuts
     D:5: 780 daAuts
     D:6: 665 daAuts
     D:7: 635 daAuts
     D:1: 586 daAuts
  Bailey: 209 daAuts
    D:10: 163 daAuts
